 Dungeon Crawl Stone Soup version 0.31.0-1-g2c135a0 (webtiles) character file.

Game seed: 304229569662484256

2268 jagoly the Cleaver (level 9, 0/57 HPs)
             Began as a Gargoyle Monk on Feb 1, 2024.
             Was a Believer of the Shining One.
             Constricted to death by Erica (4 damage)
             ... on level 8 of the Dungeon.
             The game lasted 00:20:36 (3138 turns).

jagoly the Cleaver (Gargoyle Monk)                  Turns: 3138, Time: 00:20:36

Health: 0/57       AC: 21    Str: 19    XL:     9   Next: 38%
Magic:  9/9        EV:  6    Int: 17    God:    the Shining One [**....]
Gold:   241        SH:  0    Dex: 12    Spells: 8/8 levels left

rFire   . . .        a - +0 hand axe
rCold   . . .        d - orb {light}
rNeg    + + .        K - +0 chain mail
rPois   ∞            i - +2 helmet
rElec   +            (no cloak)
rCorr   .            k - +0 pair of gloves
SInv    .            (no boots)
Will    .....        g - amulet of the acrobat Stlth
                     M - +6 ring of intelligence
HPRegen 0.29/turn    (no ring)
MPRegen 0.11/turn

%: acrobat
@: glowing, constricted
A: sickness immunity, AC +6, negative energy resistance 1, electricity
resistance, torment resistance 1, petrification resistance
a: Renounce Religion, Divine Shield


You were on level 8 of the Dungeon.
You worshipped the Shining One.
The Shining One was pleased with you.
You visited 2 branches of the dungeon, and saw 9 of its levels.
You also visited: Sewer.

You collected 241 gold pieces.

Inventory:

Hand Weapons
 a - a +0 hand axe (weapon)
 q - a +1 heavy dire flail
 F - a +0 battleaxe
 H - a +0 sling
 J - a +1 spear of venom
Missiles
 c - 4 javelins
 f - 9 poisoned darts
 l - 48 stones (quivered)
Armour
 b - a +0 robe
 d - an orb of light (worn)
 i - a +2 helmet (worn)
 k - a +0 pair of gloves (worn)
 K - a +0 chain mail (worn)
 P - a +0 pair of gloves
 Q - a +0 chain mail
Jewellery
 g - an amulet of the acrobat (around neck)
 B - a ring of magical power
 M - a +6 ring of intelligence (left hand)
Wands
 n - a wand of flame (9)
Scrolls
 e - 3 scrolls of immolation {unknown}
 h - 3 scrolls of blinking {unknown}
 m - 5 scrolls of identify {unknown}
 s - a scroll of brand weapon {unknown}
 t - 2 scrolls of fear {unknown}
 u - 2 scrolls of fog {unknown}
 x - 2 scrolls of enchant armour {unknown}
 y - a scroll of enchant weapon {unknown}
 C - a scroll of amnesia {unknown}
 D - a scroll of revelation {unknown}
 E - 2 scrolls of teleportation {unknown}
 G - 2 scrolls of summoning {unknown}
Potions
 j - 2 potions of curing {unknown}
 o - 2 potions of attraction {unknown}
 p - a potion of degeneration {unknown}
 r - 2 potions of magic {unknown}
 v - 3 potions of might {unknown}
 w - a potion of cancellation {unknown}
 z - a potion of resistance {unknown}
 A - 2 potions of haste {unknown}
 I - 2 potions of mutation {unknown}
 L - a potion of heal wounds {unknown}
 N - a potion of brilliance {unknown}
 O - a potion of berserk rage {unknown}


   Skills:
 + Level 7.5 Fighting
 * Level 8.4 Axes
 - Level 6.0 Armour
 - Level 3.0 Dodging


You had 8 spell levels left.
You didn't know any spells.
Your spell library contained the following spells:

 Spells                   Type           Power      Damage    Failure   Level
 Magic Dart               Conj           0%         1d3       86%         1
 Searing Ray              Conj           0%         2d4       95%         2
 Anguish                  Hex/Necr       0%         N/A       100%        4
 Cause Fear               Hex            0%         N/A       100%        4
 Fulminant Prism          Conj/Alch      0%         3d5       100%        4
 Enfeeble                 Hex            0%         N/A       100%        7


Dungeon Overview and Level Annotations

Branches:
Dungeon (8/15) Zot: 26776  Temple (1/1) D:5 Zot: 5987   Sewer (visited)
   Lair: D:8-11

Altars:
Cheibriados
Dithmenos
Elyvilon
Fedhas
Gozag
Kikubaaqudgha
Makhleb
Nemelex Xobeh
Okawaru
Qazlal
Ru
Sif Muna
Trog
Uskayaw
Vehumet
Wu Jian
Xom
Yredelemnul
Zin
The Shining One

Annotations:
D:8 Erica


Innate Abilities, Weirdness & Mutations

You are immune to sickness and miasma.
Your stone body is resilient. (AC +6)
You are immune to poison.
You resist negative energy. (rN+)
You are resistant to electric shocks. (rElec)
You are resistant to unholy torment.
You are immune to petrification.


Message History

You barely miss the ice beast.
The ice beast is lightly wounded.
The ice beast closely misses you.
You hit the ice beast but do no damage.
The ice beast is lightly wounded.
The ice beast hits you but does no damage.
You slash the ice beast!
The ice beast is heavily wounded.
The ice beast hits you but does no damage.
You hit the ice beast but do no damage.
The ice beast is heavily wounded.
The ice beast hits you. The ice beast freezes you!
You hit the ice beast but do no damage.
The ice beast is heavily wounded.
The ice beast barely misses you.
You hit the ice beast but do no damage.
The ice beast is moderately wounded.
The ice beast hits you but does no damage.
You hit the ice beast but do no damage.
The ice beast is moderately wounded.
The ice beast hits you but does no damage.
You hit the ice beast but do no damage.
The ice beast is moderately wounded.
The ice beast hits you but does no damage.
You slash the ice beast!
The ice beast is severely wounded.
The ice beast hits you but does no damage.
You hit the ice beast but do no damage.
The ice beast is severely wounded.
The ice beast closely misses you.
You hit the ice beast but do no damage.
The ice beast is heavily wounded.
You hit the ice beast.
The ice beast is severely wounded.
The ice beast barely misses you.
You slash the ice beast!
You kill the ice beast!
Training target 6.0 for Armour reached!
Your Fighting skill increases to level 7!
Your Armour skill increases to level 6!
There is an open gate here.
Found 8 gold pieces.
Found 16 gold pieces.
A jelly comes into view.
The jelly quivers.
You now have 219 gold pieces (gained 8).
There are no items here.
You hit the jelly.
Your hands burn!
The jelly is moderately wounded.
The jelly hits you but does no damage.
You hit the jelly. The acid corrodes you!
Your hands burn!
The jelly is moderately wounded.
The jelly closely misses you.
You hit the jelly.
Your hands burn!
The jelly is heavily wounded.
The jelly hits you but does no damage.
You slash the jelly!
You kill the jelly!
You now have 235 gold pieces (gained 16).
You are no longer corroded.
There is an open gate here.
HP restored.
There is a stone staircase leading down here.
You climb downwards.
There is a stone staircase leading up here.
Found a stone staircase leading down.
There is a stone staircase leading down here.
You climb downwards.
There is a stone staircase leading up here.
You climb upwards.
There is a stone staircase leading down here.
A howler monkey comes into view.
The howler monkey howls!
A howler monkey is nearby!
A howler monkey comes into view. x2
The howler monkey howls! x2
The howler monkey hoots and howls with incredible vigour!
The howler monkey hoots and howls with incredible vigour!
The howler monkey hits you but does no damage.
The howler monkey hoots and howls with incredible vigour!
The howler monkey hoots and howls with incredible vigour!
You slash the howler monkey!
The howler monkey is heavily wounded.
The howler monkey hits you but does no damage.
You slash the howler monkey!
You kill the howler monkey!
You hit the howler monkey.
The howler monkey hits you but does no damage.
You barely miss the howler monkey.
The howler monkey is moderately wounded.
The howler monkey hits you but does no damage.
You slash the howler monkey!
The howler monkey is almost dead.
The howler monkey barely misses you.
You slash the howler monkey!
You kill the howler monkey!
The howler monkey hoots and howls with incredible vigour!
Your Axes skill increases to level 8!
You completely miss the howler monkey.
The howler monkey hits you but does no damage.
You hit the howler monkey.
The howler monkey is lightly wounded.
The howler monkey hits you but does no damage.
You barely miss the howler monkey.
The howler monkey is lightly wounded.
The howler monkey hits you but does no damage.
You hit the howler monkey.
The howler monkey is moderately wounded.
The howler monkey hits you but does no damage.
You slash the howler monkey!
The howler monkey is almost dead.
The howler monkey barely misses you.
You slash the howler monkey!
You kill the howler monkey!
No target in view!
Things that are here:
a howler monkey corpse; a howler monkey corpse
Found 6 gold pieces.
You now have 241 gold pieces (gained 6).
You open the door.
Found a stone staircase leading down.
There is an open door here.
You open the door.
There is an open door here.
There is a stone staircase leading down here.
You climb downwards.
Found an escape hatch in the ceiling.
There is a stone staircase leading up here.
You climb upwards.
There is a stone staircase leading down here.
You open the door.
There is an open door here.
Found a dagger.
You see here a +0 dagger.
A centaur comes into view.
The centaur shouts!
The centaur wields a +0 orcbow.
The centaur shoots an arrow.
The arrow closely misses you.
The centaur shoots an arrow.
The arrow hits you but does no damage.
The centaur shoots an arrow.
The arrow completely misses you.
The centaur shoots an arrow.
The arrow completely misses you.
The centaur unwields a +0 orcbow.
The centaur closely misses you. The centaur misses you.
You hit the centaur.
The centaur is moderately wounded.
The centaur barely misses you. The centaur kicks you.
You hit the centaur.
The centaur is heavily wounded.
The centaur hits you but does no damage.
The centaur kicks you but does no damage.
The centaur closely misses you.
The centaur kicks you but does no damage.
You hit the centaur but do no damage.
The centaur is heavily wounded.
The centaur barely misses you.
The centaur kicks you but does no damage.
You hit the centaur.
The centaur is severely wounded.
The centaur hits you but does no damage.
The centaur kicks you but does no damage.
The centaur barely misses you. x2
You slash the centaur!
You kill the centaur!
You see here a +0 orcbow.
Found a chain mail.
You see here a +0 chain mail.
Q - a +0 chain mail
Okay, then.
You open the door.
A kobold brigand and 5 kobolds come into view.
The kobold brigand is wielding a +0 dagger and quivering curare-tipped darts.
The kobold brigand shouts!
The kobold shouts! x5
A kobold comes into view. It is wielding a +0 club.
A kobold comes into view. It is wielding a +0 dagger.
Found a chain mail.
The kobold shouts! x2
You slash the kobold!
You kill the kobold!
You hit the kobold but do no damage. The kobold hits you but does no damage.
You hit the kobold.
The kobold is severely wounded.
The kobold hits you but does no damage.
You hit the kobold but do no damage.
The kobold is severely wounded.
The kobold hits you but does no damage.
You slash the kobold!
You kill the kobold!
You hit the kobold.
The kobold is heavily wounded.
The kobold hits you with a +0 short sword.
You slash the kobold!
You kill the kobold!
The kobold misses you. The kobold completely misses you.
The kobold brigand hits you but does no damage.
There is an open door here.
Items here: ))) †.
You hit the kobold brigand.
The kobold brigand is lightly wounded.
You closely miss the kobold. You hit the kobold but do no damage.
The kobold barely misses you. The kobold misses you.
The kobold brigand barely misses you.
You closely miss the kobold brigand.
The kobold brigand is lightly wounded.
You barely miss the kobold. You hit the kobold.
You kill the kobold!
The kobold barely misses you.
The kobold brigand hits you but does no damage.
You hit the kobold brigand.
The kobold brigand is moderately wounded.
You hit the kobold but do no damage. x2; The kobold closely misses you.
The kobold barely misses you. The kobold brigand barely misses you.
You hit the kobold brigand.
The kobold brigand is moderately wounded.
You hit the kobold.
You kill the kobold!
You hit the kobold.
You kill the kobold!
The kobold brigand hits you but does no damage.
You hit the kobold brigand.
The kobold brigand is moderately wounded.
You hit the kobold but do no damage. The kobold hits you but does no damage.
The kobold brigand barely misses you.
You hit the kobold brigand.
The kobold brigand is heavily wounded.
You hit the kobold but do no damage. The kobold hits you but does no damage.
The kobold brigand hits you with a +0 dagger.
You hit the kobold brigand but do no damage.
The kobold brigand is heavily wounded.
You closely miss the kobold. The kobold hits you but does no damage.
The kobold brigand closely misses you.
You hit the kobold brigand.
The kobold brigand is severely wounded.
You hit the kobold.
You kill the kobold!
The kobold brigand hits you but does no damage.
You hit the kobold brigand.
The kobold brigand is severely wounded.
You hit the kobold brigand.
The kobold brigand is almost dead.
The kobold brigand barely misses you.
You hit the kobold brigand.
You kill the kobold brigand!
No target in view!
Press: ? - help, v - describe, . - travel, g - get item
Items here: a +0 dagger; a curare-tipped dart.
The floor, spattered with blood.
This square is lit by a halo.
l - 40 stones (gained 5)
Things that are here:
a +0 dagger; a +0 club; a +0 club
Things that are here:
a +0 dagger; a curare-tipped dart
R - a curare-tipped dart
Press: ? - help, v - describe, . - travel, g - get item
Items here: a +0 whip; 4 stones.
The floor.
This square is lit by a halo.
Things that are here:
a +0 dagger; a +0 club; a +0 club
l - 44 stones (gained 4)
You see here a +0 whip.
As you open the door, it creaks loudly!
There is an open door here.
Found 4 stones.
A wyvern comes into view.
The wyvern hisses angrily.
The wyvern moves out of view.
You see here 4 stones.
You slash the wyvern!
The wyvern is moderately wounded.
The wyvern bites you but does no damage.
You hit the wyvern.
The wyvern is moderately wounded.
The wyvern bites you!
You completely miss the wyvern.
The wyvern is moderately wounded.
The wyvern closely misses you.
The wyvern bites you but does no damage.
You slash the wyvern!
The wyvern is severely wounded.
The wyvern bites you but does no damage.
You hit the wyvern.
The wyvern is almost dead.
The wyvern closely misses you. The wyvern bites you.
You hit the wyvern.
You kill the wyvern!
l - 48 stones (gained 4)
You see here a wyvern corpse.
Found a stone staircase leading down.
There is a stone staircase leading down here.
You climb downwards.
Erica shouts!
You hear a shout!
An orc wizard comes into view. It is wielding a +0 dagger.
You hear a shout! x2
There is a stone staircase leading up here.
Okay, then.
Throw: dart (curare)
Press: ? - help, Shift-Dir - straight line, f - Erica
Aim: Erica, wielding a +0 scimitar of flaming and wearing a +6 ring of dexterity (haloed, 61% to hit)
Okay, then.
Okay, then.
Press: ? - help, v - describe, . - travel
Here: Erica, wielding a +0 scimitar of flaming and wearing a +6 ring of dexterity (haloed)
The floor.
Unknown command.
Throw: dart (curare)
Press: ? - help, Shift-Dir - straight line, f - Erica
Aim: Erica, wielding a +0 scimitar of flaming and wearing a +6 ring of dexterity (haloed, 61% to hit)
You throw a curare-tipped dart. The curare-tipped dart hits Erica.
Erica is poisoned.
Erica struggles to breathe.
Erica seems to slow down.
Erica is lightly wounded.
Okay, then.
Okay, then.
Cleave: a) +0 hand axe
Press: ? - help, Dir - move target, f/p - Erica
Aim: Erica, wielding a +0 scimitar of flaming and wearing a +6 ring of dexterity (lightly wounded, very poisoned, slow, haloed, about 31% to evade your +0 hand axe)
You slash Erica!
Erica is moderately wounded.
Cleave: a) +0 hand axe
Press: ? - help, Dir - move target, f/p - Erica
Aim: Erica, wielding a +0 scimitar of flaming and wearing a +6 ring of dexterity (moderately wounded, very poisoned, slow, haloed, about 31% to evade your +0 hand axe)
You hit Erica.
Erica is moderately wounded.
Erica hits you with a +0 scimitar of flaming.
Erica burns you. Erica grabs you. Erica constricts you.
Cleave: a) +0 hand axe
Press: ? - help, Dir - move target, f/p - Erica
Aim: Erica, wielding a +0 scimitar of flaming and wearing a +6 ring of dexterity (moderately wounded, constricting you, very poisoned, slow, haloed, about 31% to evade your +0 hand axe)
You closely miss Erica.
Erica is moderately wounded.
Cleave: a) +0 hand axe
Press: ? - help, Dir - move target, f/p - Erica
Aim: Erica, wielding a +0 scimitar of flaming and wearing a +6 ring of dexterity (moderately wounded, constricting you, poisoned, slow, haloed, about 31% to evade your +0 hand axe)
You closely miss Erica.
Erica is moderately wounded.
You hit the orc wizard. Erica hits you but does no damage.
Erica constricts you.
Cleave: a) +0 hand axe
Press: ? - help, Dir - move target, f/p - Erica
Aim: Erica, wielding a +0 scimitar of flaming and wearing a +6 ring of dexterity (moderately wounded, constricting you, poisoned, slow, haloed, about 31% to evade your +0 hand axe)
You closely miss Erica.
Erica is moderately wounded.
You completely miss the orc wizard.
The orc wizard hits you but does no damage.
Erica stares at you and mumbles some strange words.
You resist with significant effort. Erica constricts you.
Cleave: a) +0 hand axe
Press: ? - help, Dir - move target, f/p - Erica
Aim: Erica, wielding a +0 scimitar of flaming and wearing a +6 ring of dexterity (moderately wounded, constricting you, poisoned, slow, haloed, about 31% to evade your +0 hand axe)
You hit Erica but do no damage.
Erica is moderately wounded.
You hit the orc wizard.
The orc wizard hits you but does no damage.
Cleave: a) +0 hand axe
Press: ? - help, Dir - move target, f/p - Erica
Aim: Erica, wielding a +0 scimitar of flaming and wearing a +6 ring of dexterity (moderately wounded, constricting you, poisoned, slow, haloed, about 31% to evade your +0 hand axe)
You hit Erica.
Erica is moderately wounded.
You hit the orc wizard. The orc wizard completely misses you.
Erica hits you but does no damage. Erica constricts you.
Cleave: a) +0 hand axe
Press: ? - help, Dir - move target, f/p - Erica
Aim: Erica, wielding a +0 scimitar of flaming and wearing a +6 ring of dexterity (moderately wounded, constricting you, poisoned, slow, haloed, about 31% to evade your +0 hand axe)
You closely miss Erica.
Erica is moderately wounded.
You hit the orc wizard.
The orc wizard points at you and mumbles some strange words.
The magic dart hits you but does no damage.
Erica hits you with a +0 scimitar of flaming!
Erica burns you. Erica constricts you.
Cleave: a) +0 hand axe
Press: ? - help, Dir - move target, f/p - Erica
Aim: Erica, wielding a +0 scimitar of flaming and wearing a +6 ring of dexterity (moderately wounded, constricting you, poisoned, slow, haloed, about 31% to evade your +0 hand axe)
You barely miss Erica.
Erica is moderately wounded.
You hit the orc wizard.
Erica looks more healthy.
The orc wizard hits you but does no damage.
An orc comes into view. It is wielding a +0 hand axe.
Cleave: a) +0 hand axe
Press: ? - help, Dir - move target, f/p - Erica
Aim: Erica, wielding a +0 scimitar of flaming and wearing a +6 ring of dexterity (moderately wounded, constricting you, slow, haloed, about 31% to evade your +0 hand axe)
You closely miss Erica.
Erica is moderately wounded.
The orc shouts!
You hit the orc wizard but do no damage.
Erica hits you with a +0 scimitar of flaming!
* * * LOW HITPOINT WARNING * * *
Erica burns you.
* * * LOW HITPOINT WARNING * * *
Erica constricts you.
The orc wizard hits you but does no damage.
Cleave: a) +0 hand axe
Press: ? - help, Dir - move target, f/p - Erica
Aim: Erica, wielding a +0 scimitar of flaming and wearing a +6 ring of dexterity (moderately wounded, constricting you, slow, haloed, about 31% to evade your +0 hand axe)
You hit Erica but do no damage.
Erica is moderately wounded.
You hit the orc wizard but do no damage.
The orc wizard hits you with a +0 dagger.
* * * LOW HITPOINT WARNING * * *
Okay, then.
Okay, then.
Cleave: a) +0 hand axe
Press: ? - help, Dir - move target, f/p - Erica
Aim: Erica, wielding a +0 scimitar of flaming and wearing a +6 ring of dexterity (moderately wounded, constricting you, slow, haloed, about 31% to evade your +0 hand axe)
You hit Erica but do no damage.
Erica is moderately wounded.
You slash the orc wizard!
You kill the orc wizard!
You barely miss the orc. Erica hits you but does no damage.
Erica constricts you.
Cleave: a) +0 hand axe
Press: ? - help, Dir - move target, f/p - Erica
Aim: Erica, wielding a +0 scimitar of flaming and wearing a +6 ring of dexterity (moderately wounded, constricting you, slow, haloed, about 31% to evade your +0 hand axe)
You slash Erica!
Erica is heavily wounded.
You hit the orc but do no damage. The orc barely misses you.
Erica stares at you and mumbles some strange words.
The bolt of poison hits you but does no damage.
You resist. Erica constricts you.
Cleave: a) +0 hand axe
Press: ? - help, Dir - move target, f/p - Erica
Aim: Erica, wielding a +0 scimitar of flaming and wearing a +6 ring of dexterity (heavily wounded, constricting you, slow, haloed, about 31% to evade your +0 hand axe)
You hit Erica.
Erica is heavily wounded.
You hit the orc. The orc hits you with a +0 hand axe.
* * * LOW HITPOINT WARNING * * *
Cleave: a) +0 hand axe
Press: ? - help, Dir - move target, f/p - Erica
Aim: Erica, wielding a +0 scimitar of flaming and wearing a +6 ring of dexterity (heavily wounded, constricting you, slow, haloed, about 31% to evade your +0 hand axe)
You barely miss Erica.
Erica is heavily wounded.
You hit the orc.
Erica is no longer moving slowly.
The orc hits you but does no damage.
An orc comes into view. It is wielding a +0 flail.
Erica closely misses you. Erica constricts you.
* * * LOW HITPOINT WARNING * * *
Cleave: a) +0 hand axe
Press: ? - help, Dir - move target, f/p - Erica
Aim: Erica, wielding a +0 scimitar of flaming and wearing a +6 ring of dexterity (heavily wounded, constricting you, haloed, about 31% to evade your +0 hand axe)
You hit Erica but do no damage.
Erica is heavily wounded.
You hit the orc.
You kill the orc!
Erica hits you but does no damage. Erica constricts you.
* * * LOW HITPOINT WARNING * * *
Cleave: a) +0 hand axe
Press: ? - help, Dir - move target, f/p - Erica
Aim: Erica, wielding a +0 scimitar of flaming and wearing a +6 ring of dexterity (heavily wounded, constricting you, haloed, about 31% to evade your +0 hand axe)
You barely miss Erica.
Erica is heavily wounded.
Cleave: a) +0 hand axe
Press: ? - help, Dir - move target, f/p - Erica
Aim: Erica, wielding a +0 scimitar of flaming and wearing a +6 ring of dexterity (heavily wounded, constricting you, haloed, about 31% to evade your +0 hand axe)
You hit Erica.
Erica is heavily wounded.
Erica hits you with a +0 scimitar of flaming!
* * * LOW HITPOINT WARNING * * *
Erica burns you.
* * * LOW HITPOINT WARNING * * *
Erica constricts you.
Cleave: a) +0 hand axe
Press: ? - help, Dir - move target, f/p - Erica
Aim: Erica, wielding a +0 scimitar of flaming and wearing a +6 ring of dexterity (heavily wounded, constricting you, haloed, about 31% to evade your +0 hand axe)
You hit Erica.
Erica is severely wounded.
Erica barely misses you. Erica constricts you.
Cleave: a) +0 hand axe
Press: ? - help, Dir - move target, f/p - Erica
Aim: Erica, wielding a +0 scimitar of flaming and wearing a +6 ring of dexterity (severely wounded, constricting you, haloed, about 31% to evade your +0 hand axe)
You slash Erica!
Erica is severely wounded.
You slash the orc! Erica casts a spell at you.
The bolt of poison hits you but does no damage.
You resist. Erica constricts you. The orc hits you but does no damage.
An orc wizard comes into view. It is wielding a +0 dagger.
The orc wizard shouts!
Cleave: a) +0 hand axe
Press: ? - help, Dir - move target, f/p - Erica
Aim: Erica, wielding a +0 scimitar of flaming and wearing a +6 ring of dexterity (severely wounded, constricting you, haloed, about 31% to evade your +0 hand axe)
You completely miss Erica.
Erica is severely wounded.
You hit the orc.
You kill the orc!
Erica closely misses you. Erica constricts you.
Cleave: a) +0 hand axe
Press: ? - help, Dir - move target, f/p - Erica
Aim: Erica, wielding a +0 scimitar of flaming and wearing a +6 ring of dexterity (severely wounded, constricting you, haloed, about 31% to evade your +0 hand axe)
You closely miss Erica.
Erica is severely wounded.
Erica hits you but does no damage. Erica constricts you.
Cleave: a) +0 hand axe
Press: ? - help, Dir - move target, f/p - Erica
Aim: Erica, wielding a +0 scimitar of flaming and wearing a +6 ring of dexterity (severely wounded, constricting you, haloed, about 31% to evade your +0 hand axe)
You hit Erica but do no damage.
Erica is severely wounded.
Erica hits you but does no damage. Erica constricts you.
You die...
Erica begins burbling mirthfully and uncontrollably.

.# ### .# ..# .#
#.# .#
#.####o#####.#
#...(x@......###.##
#####)..###.......<
........<.......
.........#.###....
#..........#.# #
#.####....##.# #
#........ ####.##.#
.#.


You could see Erica and an orc wizard.

Vanquished Creatures
  Prince Ribbit (D:6)
  A wyvern (D:7)
  Duvessa (D:6)
  Edmund (D:4)
  An ice beast (D:6)
  6 black bears
  An ogre (D:5)
  A centaur (D:7)
  Blork the orc (D:4)
  A kobold brigand (D:7)
  2 brain worms (Sewer)
  Dowan (D:6)
  4 howler monkeys
  A bombardier beetle (D:5)
  A hound (D:5)
  4 jellies
  4 iguanas
  An orc wizard (D:8)
  Robin (D:1)
  8 adders
  2 ribbon worms
  2 orcs (D:8)
  10 ball pythons
  3 bats
  3 endoplasms
  3 giant cockroaches
  14 goblins
  3 hobgoblins
  2 jackals (D:3)
  14 kobolds
  A quokka (D:1)
  7 frilled lizards
  4 rats
110 creatures vanquished.

Vanquished Creatures (others)
  A goblin (D:2)
1 creature vanquished.

Grand Total: 111 creatures vanquished

Notes
Turn   | Place    | Note
-------+----------+-------------------------------------------
     0 | D:1      | jagoly the Gargoyle Monk began the quest for the Orb.
     0 | D:1      | Reached XP level 1. HP: 14/14 MP: 1/1
    58 | D:1      | Reached XP level 2. HP: 19/19 MP: 2/2
    77 | D:1      | Reached skill level 3 in Axes
   139 | D:2      | Noticed Robin
   151 | D:1      | Reached skill level 1 in Armour
   159 | D:1      | Reached XP level 3. HP: 15/23 MP: 3/3
   175 | D:1      | Killed Robin
   389 | D:3      | Reached XP level 4. HP: 24/29 MP: 4/4
   459 | D:4      | Noticed Edmund
   471 | D:4      | Killed Edmund
   472 | D:4      | Reached skill level 4 in Axes
   472 | D:4      | Reached XP level 5. HP: 12/33 MP: 5/5
   607 | D:4      | Found a glowing drain.
   610 | Sewer    | Entered a sewer
   729 | Sewer    | Reached XP level 6. HP: 12/39 MP: 1/6
   908 | D:5      | Entered Level 5 of the Dungeon
  1200 | D:4      | Noticed Blork the orc
  1213 | D:4      | Killed Blork the orc
  1214 | D:4      | Reached skill level 5 in Axes
  1214 | D:4      | Reached XP level 7. HP: 8/44 MP: 7/7
  1297 | D:3      | Found a bloodstained altar of Trog.
  1299 | D:3      | Found a sacrificial altar of Ru.
  1301 | D:3      | Found a blossoming altar of Fedhas.
  1301 | D:3      | Found an ancient bone altar of Kikubaaqudgha.
  1344 | D:4      | Reached skill level 5 in Fighting
  1491 | D:5      | Found a radiant altar of Vehumet.
  1494 | D:5      | Found a hide-covered altar of Uskayaw.
  1751 | D:5      | Reached skill level 6 in Axes
  1751 | D:5      | Reached XP level 8. HP: 40/50 MP: 8/8
  1852 | D:6      | Noticed Duvessa
  1872 | D:6      | Killed Duvessa
  1872 | D:6      | Noticed Dowan
  1880 | D:6      | Killed Dowan
  2006 | D:6      | Reached skill level 5 in Armour
  2026 | D:6      | Noticed Prince Ribbit
  2076 | D:6      | Killed Prince Ribbit
  2077 | D:6      | Reached skill level 7 in Axes
  2427 | D:5      | Reached XP level 9. HP: 47/56 MP: 9/9
  2598 | D:5      | Found a staircase to the Ecumenical Temple.
  2619 | Temple   | Entered the Ecumenical Temple
  2625 | Temple   | Became a worshipper of the Shining One
  2625 | Temple   | Reached * piety under the Shining One
  2625 | Temple   | Reached ** piety under the Shining One
  2923 | D:7      | Reached skill level 8 in Axes
  3114 | D:8      | Noticed Erica
  3138 | D:8      | Constricted to death by Erica

Illustrated notes

Levels and vault maps discovered:
D:1:      lightli_arrival_noodles, layout_basic,
          shapermc_ecumenical_altar_pompeii, nrook_mini_vaults
D:2:      layout_loops_ring, uniq_terence, uniq_robin, uniq_natasha
D:3:      layout_basic, grunt_temple_overflow_open
D:4:      nicolae_cairo_tiling, layout_basic,
          mainiacjoe_sewer_entry_somewhere_in_here_1, uniq_edmund,
          uniq_blork_the_orc
D:5:      layout_loops_corners, nicolae_overflow_squiral,
          minmay_temple_entry_drinking_statues
D:6:      layout_basic, minmay_misc_feat_four_crosses, grunt_decor_fettered,
          kennysheep_cluttered_room, st_stairs_11,
          chequers_serial_rivers_micro_d, kennysheep_generic_room_10,
          uniq_prince_ribbit1, uniq_duvessa
D:7:      layout_loops_corners, uniq_menkaure
D:8:      layout_loops_ring, gammafunk_temple_overflow_elements,
          erik_lair_island, uniq_erica
Temple:   eino_narrow_crystal_temple

Skill      XL: |  1  2  3  4  5  6  7  8  9 |
---------------+----------------------------+-----
Axes           | 3 4 5 6 7 8 |  8.4
Armour         | 1 2 3 4 5 6 |  6.0
Fighting       | 4 5 6 7 |  7.5
Dodging        | 3 |  3.0

Action                     |  1- 3 |  4- 6 |  7- 9 || total
---------------------------+-------+-------+-------++-------
  Melee: Hand axe          |    80 |   123 |   272 ||   475
  Throw: Dart              |       |     5 |    10 ||    15
         Stone             |       |       |     6 ||     6
  Evoke: Wand              |       |     9 |     4 ||    13
    Use: Potion            |       |       |     1 ||     1
 Armour: Robe              |    52 |    66 |    46 ||   164
         Chain mail        |       |       |   251 ||   251
  Dodge: Dodged            |    55 |    78 |   157 ||   290
